Map: Acropolis LE

Players

Mez

  • Race: Terran Terran
  • League: Master
  • Spawn Location: 5:00

A.I. 1 (Very Easy) - Winner!

  • Race: Terran Terran
  • Spawn Location: 11:00

VOD

Have the link to the VOD?

Description

Time

  • Played on: Aug. 25, 2019, 11:59 p.m.
  • Length: 6:14
Show
View Real Time Build Order
Export as new Build Order

Mez Terran 

Build Orders: Command Center First (CC) 

Get SALT Encoding   

  12  0:01  SCV  
  13  0:13  SCV  
  14  0:17  Supply Depot  
  14  0:25  SCV  
  15  0:39  SCV  
  16  0:56  Command Center  
  16  1:00  SCV  
  17  1:10  Barracks  
  17  1:14  SCV  
  18  1:21  Refinery  
  18  1:26  Refinery  
  18  1:29  SCV  
  19  1:41  SCV  
  20  1:53  SCV  
  21  1:59  Marine  
  22  2:05  Orbital Command  
  22  2:08  Factory  
  22  2:16  Orbital Command  
  22  2:20  Marine  
  23  2:31  SCV  
  24  2:39  Barracks Reactor  
  24  2:42  SCV  
  24  2:43  SCV  
  26  2:53  Refinery  
  26  2:54  Starport  
  26  2:56  SCV, Refinery  
  26  2:57  SCV  
  28  3:08  SCV  
  28  3:09  SCV  
  30  3:20  SCV  
  30  3:21  SCV, Hellion x2  
  36  3:32  SCV  
  36  3:33  SCV, Fusion Core  
  38  3:36  Starport  
  38  3:41  Viking  
  38  3:44  Barracks Tech Lab  
  40  3:49  SCV x2  
  42  4:02  SCV x2  
  44  4:03  Supply Depot  
  44  4:13  Hellion  
  44  4:15  Starport Tech Lab  
  44  4:16  Starport Tech Lab  
  46  4:25  SCV x2, Hellion  
  50  5:05  Supply Depot  
  50  5:08  SCV x2  
  52  5:20  Supply Depot  
  52  5:22  Supply Depot  
  52  5:23  Supply Depot  
Show
View Real Time Build Order
Export as new Build Order

A.I. 1 (Very Easy) Terran - Winner!

Build Orders:  

Get SALT Encoding   

  12  0:00  SCV  
  13  0:13  SCV  
  14  0:18  Supply Depot  
  14  0:37  Refinery  
  14  0:42  Barracks  
  14  1:03  Supply Depot  
  14  1:11  Refinery  
  14  1:29  Orbital Command, Barracks Tech Lab  
  14  1:47  Marine  
  15  1:55  SCV  
  16  2:08  SCV  
  17  2:20  SCV  
  18  2:32  SCV  
  18  2:34  Marine  
  20  2:44  SCV  
  21  2:56  SCV  
  22  3:21  Marauder  
Tags
 
Add a new tag
Caveats
  • Supply blocks, unpowered buildings, or Contaminate may cause inaccurate times.
  • Supply counts are checked every 10 seconds.